Map: Lerilak Crest

Players

Shamanas

  • Race: Terran Terran

AxelTL - Winner!

  • Race: Protoss Protoss

VOD

Have the link to the VOD?

Description

Time

  • Played on: May 1, 2015, 3:12 a.m.
  • Length: 16:34
Show
View Real Time Build Order
Export as new Build Order

Shamanas Terran 

Build Orders: Reaper Expand, Mech 

Get SALT Encoding   

  12  0:01  SCV  
  14  0:14  SCV  
  14  0:19  Supply Depot  
  14  0:27  SCV  
  15  0:42  Refinery  
  15  0:43  Barracks  
  15  0:49  SCV  
  16  1:01  SCV  
  17  1:13  SCV  
  18  1:30  Orbital Command  
  18  1:31  Reaper  
  19  1:33  Supply Depot  
  19  1:56  SCV  
  19  2:00  Command Center  
  20  2:04  Reaper  
  21  2:09  SCV  
  22  2:21  SCV, Factory  
  23  2:28  Refinery  
  23  2:33  SCV  
  24  2:41  Reaper  
  25  2:49  SCV  
  26  2:56  Supply Depot  
  26  3:03  SCV  
  26  3:10  Starport  
  26  3:12  Factory Tech Lab  
  26  3:16  Orbital Command  
  26  3:18  SCV  
  27  3:23  Refinery  
  27  3:25  Barracks Reactor  
  27  3:29  Refinery  
  27  3:31  SCV  
  28  3:43  SCV  
  28  3:45  Command Center  
  28  3:47  SCV  
  30  3:53  Missile Turret  
  30  3:58  SCV  
  30  4:00  Missile Turret  
  30  4:01  SCV  
  32  4:10  SCV  
  32  4:15  SCV  
  32  4:17  Cyclone  
  32  4:20  Viking  
  32  4:22  SCV  
  38  4:28  SCV  
  38  4:30  Factory  
  39  4:34  SCV  
  40  4:40  SCV  
  41  4:46  SCV  
  41  4:49  Cyclone  
  45  4:53  SCV  
  45  4:57  Starport Tech Lab  
  45  4:58  SCV  
  47  5:00  Orbital Command  
  47  5:05  SCV  
  48  5:08  Armory  
  48  5:09  Armory  
  48  5:10  SCV  
  49  5:15  Hellion x2  
  49  5:18  SCV  
  54  5:21  Cyclone  
  54  5:22  SCV  
  54  5:28  SCV  
  59  5:29  Banshee, Cloaking Field  
  59  5:30  SCV  
  59  5:35  SCV, Supply Depot  
  64  5:46  SCV  
  64  5:47  SCV  
  66  5:51  Hellion  
  66  5:56  Hellion, Missile Turret  
  70  5:58  Supply Depot  
  70  6:02  Terran Vehicle And Ship Armor Level 1, Terran Vehicle and Ship Weapons Level 1  
  70  6:06  Thor, Orbital Command  
  76  6:20  Hellion, Hellbat  
  76  6:24  Supply Depot  
  76  6:25  Supply Depot  
  80  6:35  Missile Turret  
  80  6:37  SCV, Missile Turret  
  80  6:38  SCV x2  
  83  6:44  Hellion  
  83  6:47  Starport x2  
  83  6:49  Hellion  
  83  6:50  SCV x3  
  83  6:52  Supply Depot  
  83  6:54  Supply Depot, Banshee, Hellbat x2  
  90  6:58  Refinery x2  
  93  7:12  SCV x3  
  96  7:19  Thor  
  96  7:20  Hellbat x2  
  106  7:24  SCV  
  107  7:31  Fusion Core  
  107  7:32  Orbital Command  
  107  7:35  Supply Depot  
  107  7:36  Starport Reactor  
  107  7:37  Starport Reactor  
  107  7:39  Infernal Pre-Igniter  
  107  7:42  Hellbat  
  107  7:43  Hellbat  
  111  7:48  SCV x2  
  114  7:57  Supply Depot  
  113  7:58  SCV  
  113  8:00  SCV x2  
  116  8:07  Siege Tank, Hellbat x2  
  116  8:08  Terran Vehicle And Ship Armor Level 2, Terran Vehicle and Ship Weapons Level 2  
  123  8:14  Engineering Bay  
  123  8:17  SCV x2  
  123  8:18  SCV  
  126  8:21  Viking x3  
  132  8:35  Hyperflight Rotors  
  132  8:50  Command Center  
  132  8:51  Command Center  
  132  8:55  Banshee  
  133  9:05  Supply Depot  
  133  9:06  Supply Depot  
  133  9:07  Supply Depot  
  133  9:20  Factory x2  
  133  9:21  Factory  
  133  9:22  Viking  
  133  9:27  Cyclone, Viking x2  
  133  9:28  Hellbat x2  
  133  9:29  Sensor Tower  
  142  9:46  Banshee  
  141  9:55  Viking x2  
  141  9:59  Hellbat  
  149  10:00  Cyclone, Hellbat  
  149  10:02  Planetary Fortress  
  149  10:03  Orbital Command  
  149  10:04  Missile Turret x2  
  152  10:09  Factory Tech Lab  
  152  10:10  Factory Tech Lab x2  
  152  10:15  Supply Depot x2  
  152  10:25  Refinery  
  152  10:27  Refinery  
  151  10:33  Cyclone x3, Hellbat x2  
  164  10:48  Terran Vehicle and Ship Weapons Level 3  
  164  11:06  Command Center, Unknown  
  164  11:08  Missile Turret  
  164  11:13  Missile Turret  
  164  11:18  Barracks  
  164  11:20  Ghost Academy  
  164  11:21  Barracks  
  164  11:22  Barracks  
  162  11:32  Refinery  
  162  11:39  Refinery  
  162  11:40  Terran Vehicle And Ship Armor Level 3  
  162  11:48  Cyclone x4  
  162  11:50  Viking  
  162  11:51  Viking  
  162  11:53  Command Center, Refinery  
  169  11:55  Missile Turret  
  169  11:57  Refinery  
  125  12:10  Barracks Tech Lab x2  
  125  12:11  Barracks Tech Lab  
  125  12:20  Cyclone x4  
  131  12:28  Viking x3  
  137  12:34  Planetary Fortress  
  137  12:42  Ghost  
  136  12:56  Missile Turret x3  
  136  12:57  Hi-Sec Auto Tracking  
  136  12:59  Missile Turret  
  136  13:02  Cyclone  
  136  13:03  Cyclone  
  142  13:06  Ghost  
  142  13:07  Hellbat  
  142  13:08  Hellbat  
  142  13:11  Orbital Command  
  142  13:12  SCV x2  
  147  13:13  SCV x4  
  147  13:17  Viking x2  
  147  13:18  Viking x2  
  159  13:29  Missile Turret  
  159  13:30  Missile Turret  
  159  13:32  Missile Turret  
  159  13:33  SCV x4  
  163  13:34  Missile Turret  
  163  13:35  Missile Turret  
  163  13:37  Missile Turret x2  
  157  13:41  Missile Turret  
  157  13:43  Cyclone x2  
  157  13:44  Cyclone, Missile Turret  
  157  13:46  Missile Turret  
  156  13:53  Viking  
  156  13:54  Viking x3, Missile Turret  
  134  13:58  Missile Turret  
  101  14:06  Cyclone  
  101  14:08  Hellbat x2  
  107  14:10  SCV x5  
  111  14:18  Viking  
  111  14:23  Viking  
  113  14:37  Viking x2  
  77  14:45  Cyclone  
  77  14:46  Cyclone x2  
  76  14:58  Viking x3  
  82  15:04  SCV x4  
  86  15:11  SCV  
  86  15:13  Viking x2  
  91  15:16  SCV  
  92  15:27  Cyclone, Viking  
  97  15:29  SCV  
  97  15:30  SCV x4  
  102  15:36  Viking x2  
  102  15:42  SCV x4  
  110  15:43  Viking x2  
  114  15:52  Cyclone  
  117  15:57  Viking  
  119  16:14  Command Center  
Show
View Real Time Build Order
Export as new Build Order

AxelTL Protoss - Winner!

Build Orders: 1 Gate Expand 

Get SALT Encoding   

  12  0:01  Probe  
  13  0:13  Probe  
  14  0:20  Pylon  
  14  0:33  Assimilator  
  14  0:38  Probe (Chrono Boost)  
  14  0:40  Gateway  
  15  0:49  Probe (Chrono Boost)  
  16  0:55  Probe (Chrono Boost)  
  17  1:07  Probe (Chrono Boost)  
  18  1:15  Probe (Chrono Boost)  
  19  1:27  Nexus  
  19  1:33  Probe  
  20  1:41  Cybernetics Core  
  20  1:45  Probe (Chrono Boost)  
  21  1:51  Assimilator  
  20  1:57  Pylon  
  20  2:00  Probe  
  22  2:18  Mothership Core (Chrono Boost)  
  22  2:19  Stalker, Warp Gate  
  25  2:32  Probe (Chrono Boost)  
  26  2:42  Probe  
  27  2:46  Probe  
  28  2:57  Probe (Chrono Boost)  
  29  3:04  Probe (Chrono Boost)  
  30  3:08  Stargate  
  30  3:10  Probe (Chrono Boost)  
  30  3:11  Pylon  
  32  3:12  Probe (Chrono Boost)  
  32  3:18  Probe  
  33  3:25  Gateway  
  33  3:26  Gateway  
  33  3:34  Probe (Chrono Boost)  
  35  3:35  Assimilator  
  35  3:37  Probe (Chrono Boost), Assimilator  
  35  3:45  Probe (Chrono Boost)  
  35  3:46  Probe (Chrono Boost)  
  37  3:52  Probe (Chrono Boost), Pylon  
  37  3:55  Probe (Chrono Boost)  
  39  4:02  Probe (Chrono Boost)  
  40  4:06  Probe (Chrono Boost)  
  40  4:09  Probe (Chrono Boost)  
  42  4:16  Oracle (Chrono Boost)  
  44  4:19  Probe (Chrono Boost)  
  44  4:20  Probe (Chrono Boost)  
  45  4:25  Sentry  
  45  4:29  Probe (Chrono Boost)  
  45  4:30  Probe (Chrono Boost), Robotics Facility  
  49  4:37  Probe  
  50  4:39  Probe  
  50  4:41  Pylon  
  50  4:45  Oracle (Chrono Boost)  
  54  4:49  Probe  
  55  4:57  Nexus  
  55  5:03  Probe  
  56  5:07  Forge  
  56  5:11  Forge  
  56  5:12  Probe  
  57  5:15  Probe  
  59  5:21  Observer (Chrono Boost)  
  59  5:22  Robotics Bay  
  59  5:25  Probe  
  59  5:27  Probe  
  62  5:36  Observer  
  62  5:37  Probe  
  62  5:42  Gateway  
  63  5:44  Gateway  
  63  5:45  Gateway  
  63  5:49  Protoss Ground Weapons Level 1 (Chrono Boost)  
  63  5:50  Protoss Ground Armor Level 1 (Chrono Boost)  
  63  6:09  Colossus (Chrono Boost)  
  63  6:10  Extended Thermal Lance (Chrono Boost)  
  69  6:13  Pylon  
  69  6:14  Probe x2  
  71  6:20  Probe  
  71  6:23  Pylon  
  72  6:26  Probe x2  
  72  6:32  Probe  
  75  6:43  Probe  
  75  6:44  Twilight Council  
  76  6:49  Void Ray (Chrono Boost)  
  76  6:52  Probe  
  76  6:54  Probe  
  82  6:55  Probe  
  82  6:56  Nexus  
  82  6:59  Pylon  
  83  7:04  Fleet Beacon  
  84  7:11  Probe (Chrono Boost)  
  85  7:17  Assimilator  
  85  7:18  Probe (Chrono Boost)  
  85  7:24  Stargate  
  85  7:25  Void Ray (Chrono Boost)  
  89  7:31  Stargate, Assimilator  
  89  7:32  Stargate  
  89  7:35  Probe  
  90  7:40  Carrier (Chrono Boost)  
  90  7:41  Probe  
  91  7:44  Observer (Chrono Boost)  
  92  7:57  Graviton Catapult (Chrono Boost)  
  95  8:10  Stalker x2  
  95  8:11  Stalker  
  101  8:18  Carrier (Chrono Boost)  
  101  8:22  Zealot x2  
  101  8:23  Zealot  
  107  8:30  Nexus, Pylon  
  113  8:45  Pylon  
  113  8:47  Pylon x2  
  113  8:48  Carrier (Chrono Boost)  
  112  8:53  Pylon, Carrier (Chrono Boost)  
  114  9:03  Probe  
  121  9:10  Stalker  
  121  9:11  Probe  
  121  9:13  Zealot x2  
  121  9:15  Nexus  
  128  9:17  Carrier (Chrono Boost)  
  128  9:21  Probe x2  
  128  9:22  Carrier (Chrono Boost)  
  128  9:24  Probe  
  142  9:52  Probe  
  139  9:55  Assimilator  
  139  9:56  Assimilator  
  139  9:59  Zealot, Photon Cannon  
  141  10:03  Protoss Air Weapons Level 1 (Chrono Boost)  
  141  10:08  Charge (Chrono Boost)  
  141  10:14  Probe x2  
  143  10:15  Carrier (Chrono Boost)  
  143  10:18  Pylon, Carrier (Chrono Boost)  
  143  10:19  Probe x2  
  145  10:26  Probe x2  
  157  10:39  Tempest (Chrono Boost)  
  161  10:45  Zealot x2  
  161  10:46  Zealot  
  166  10:50  Zealot, Carrier (Chrono Boost)  
  166  10:53  Zealot  
  165  11:03  Probe  
  165  11:04  Probe  
  166  11:08  Stalker  
  166  11:10  Probe x2  
  167  11:15  Observer (Chrono Boost)  
  167  11:19  Probe (Chrono Boost)  
  167  11:22  Stalker x2  
  174  11:27  Probe (Chrono Boost)  
  174  11:30  Probe x2 (Chrono Boost)  
  174  11:37  Photon Cannon  
  174  11:38  Photon Cannon  
  174  11:39  Pylon  
  174  11:41  Pylon  
  174  11:50  Probe  
  153  12:03  Stalker  
  153  12:04  Probe x2  
  153  12:06  Assimilator  
  153  12:07  Tempest (Chrono Boost)  
  165  12:19  Tempest (Chrono Boost)  
  161  12:25  Protoss Air Weapons Level 2 (Chrono Boost), Nexus  
  161  12:28  Probe (Chrono Boost)  
  164  12:33  Probe x2 (Chrono Boost)  
  164  12:37  Assimilator  
  164  12:38  Assimilator  
  164  12:40  Pylon  
  164  12:43  Tempest (Chrono Boost)  
  168  12:47  Pylon  
  168  12:50  Dark Shrine  
  168  12:53  Protoss Ground Weapons Level 2 (Chrono Boost)  
  168  12:54  Protoss Shields Level 1 (Chrono Boost)  
  168  12:55  Probe  
  169  13:10  Carrier (Chrono Boost)  
  169  13:11  Zealot x5  
  169  13:12  Zealot  
  181  13:15  Carrier x2 (Chrono Boost)  
  199  13:35  Pylon  
  199  13:41  Pylon  
  198  13:54  Zealot x4  
  198  13:55  Zealot  
  198  14:05  Dark Templar  
  200  14:14  Photon Cannon  
  200  14:16  Photon Cannon  
  200  14:19  Carrier (Chrono Boost)  
  200  14:26  Carrier x2 (Chrono Boost)  
  176  14:40  Carrier (Chrono Boost)  
  188  14:55  Assimilator  
  188  14:58  Assimilator  
  188  15:30  Photon Cannon  
  188  15:33  Photon Cannon  
  188  15:35  Pylon  
  188  15:41  Zealot x3  
  200  15:55  Nexus  
  200  15:58  Assimilator  
  200  16:02  Assimilator  
  200  16:04  Pylon  
  200  16:06  Pylon  
  189  16:27  Stargate x2  
  189  16:30  Stargate x2  
  189  16:31  Pylon  
Tags
 
Add a new tag
Caveats
  • Supply blocks, unpowered buildings, or Contaminate may cause inaccurate times.
  • Supply counts are checked every 10 seconds.